 Dungeon Crawl Stone Soup version 0.16.0-17-g811c1d7 (webtiles) character file.

229 maniek23 the Sneak (level 5, -3/36 HPs)
             Began as a Vampire Enchanter on Mar 21, 2015.
             Slain by an ogre
             ... wielding a +0 giant club
              (16 damage)
             ... on level 4 of the Dungeon.
             The game lasted 00:07:26 (2608 turns).

maniek23 the Sneak (Vampire Enchanter)              Turns: 2608, Time: 00:07:27

Health: -3/36      AC:  3    Str:  8    XL:     5   Next: 71%
Magic:  2/9        EV: 14    Int: 17    God:
Gold:   219        SH:  0    Dex: 14    Spells: 3 memorised, 2 levels left

rFire  . . .     SeeInvis +     l - +1 dagger (flame)
rCold  + . .     Clarity  .     m - +0 robe (curse)
rNeg   + . .     SustAb   .     (no shield)
rPois  .         Gourm    .     (no helmet)
rElec  .         Spirit   .     (no cloak)
rCorr  .         Warding  .     o - +0 pair of gloves
rMut   .         Stasis   .     (no boots)
MR     .....                    v - amulet of rage
Stlth  ++++......               (no ring)
                                k - ring of protection from cold

@: not resistant to hostile enchantments, stealthy
A: bottle blood, fangs 3, see invisible, unbreathing
a: Bat Form, Evoke Berserk Rage


You were on level 4 of the Dungeon.
You were not thirsty.

You visited 1 branch of the dungeon, and saw 4 of its levels.

You collected 219 gold pieces.

Inventory:

Hand weapons
 a - a +1 dagger
 l - a +1 dagger of flaming (weapon)
 n - a +1 short sword of venom
Missiles
 u - 2 throwing nets (quivered)
Armour
 b - a +1 robe
 m - a cursed +0 robe (worn)
 o - a +0 pair of gloves (worn)
Jewellery
 k - a ring of protection from cold (left hand)
 v - an amulet of rage (around neck)
Magical devices
 s - a wand of random effects (25)
Scrolls
 f - 4 scrolls of teleportation {unknown}
 h - 3 scrolls of identify {unknown}
 i - a scroll of noise {unknown}
 j - 2 scrolls of remove curse {unknown}
Potions
 d - 12 potions of blood
 e - 3 potions of restore abilities {unknown}
 g - a potion of heal wounds {unknown}
 p - 2 potions of poison {unknown}
 q - a potion of flight {unknown}
 r - 3 potions of agility {unknown}
 t - a potion of magic {unknown}
Books
 c - a book of Maledictions

   Spells                             Type                      Level
   a - Corona                         Hexes                        1
   b - Sure Blade                     Hexes/Charms                 2
   c - Ensorcelled Hibernation        Hexes/Ice                    2
   d - Confuse                        Hexes                        3
   e - Dazzling Spray                 Conjuration/Hexes            3
   f - Enslavement                    Hexes                        4


   Skills:
 + Level 0.8 Fighting
 + Level 1.5 Short Blades
 + Level 3.8 Dodging
 + Level 7.0 Stealth
 + Level 2.4 Spellcasting
 + Level 5.5 Hexes
 + Level 0.6 Ice Magic


You had 2 spell levels left.
You knew the following spells:

 Your Spells              Type           Power        Failure   Level  Hunger
a - Corona                Hex            ###....      1%          1    #......
b - Ensorcelled Hibernat  Hex/Ice        ##....       10%         2    ##.....
c - Confuse               Hex            ###.....     8%          3    ###....


Dungeon Overview and Level Annotations

Branches:
Dungeon (4/15)
 Temple: D:4-7

Altars:
Okawaru
Qazlal


Innate Abilities, Weirdness & Mutations

You can bottle blood from corpses.
You have razor-sharp teeth.
You have supernaturally acute eyesight.
You can survive without breathing.


Message History

Casting: Ensorcelled Hibernation
Confirm with . or Enter, or press ? or * to list all spells.
Aiming: Confuse
Press: ? - help, Shift-Dir - straight line, f/p - ogre
Aim: an ogre, wielding a giant club (chance 50%)
The ogre resists with some effort.
Casting: Confuse
Confirm with . or Enter, or press ? or * to list all spells.
Aiming: Confuse
Press: ? - help, Shift-Dir - straight line, f/p - ogre
Aim: an ogre, wielding a giant club (chance 50%)
The ogre resists with some effort.
The ogre hits you with a giant club!!
Ouch! That really hurt!
Casting: Confuse
Confirm with . or Enter, or press ? or * to list all spells.
You don't have enough magic to cast that spell.
There is an open door here.
There is an escape hatch in the ceiling here.
The ogre hits you with a giant club!
You die...

#.#.......# #.#.......#
#.#..>.[..#
##########.###+#+#.#######
.................>.........
#######.##.#######.#######
#.##.# ...#...# ##'##+##
#####.#.# #...@..#.# #.#.#
#...O....# #.#.###
#......### #.#....
..#####'####### #.#####
...............# #.#
#######.#.....# #.#
#.#Z....# #.# #.#.##### #.#
#.#Z# #.#


You could see an ogre.

Vanquished Creatures
  An orc priest (D:3)
  Ijyb (D:3)
  4 gnolls (D:3)
  6 adders
  A giant mite (D:2)
  2 worms
  5 orcs (D:3)
  3 giant cockroaches
  8 hobgoblins
  11 jackals
  8 kobolds
  2 quokkas
  7 bats
  A giant gecko (D:1)
  A giant newt (D:3)
  2 goblins (D:1)
  10 rats
73 creatures vanquished.

Notes
Turn   | Place    | Note
--------------------------------------------------------------
     0 | D:1      | maniek23, the Vampire Enchanter, began the quest for the Orb.
     0 | D:1      | Reached XP level 1. HP: 13/13 MP: 3/3
   105 | D:1      | Found an iron altar of Okawaru.
   399 | D:1      | Reached XP level 2. HP: 19/19 MP: 4/4
   406 | D:1      | Learned a level 2 spell: Ensorcelled Hibernation
   860 | D:2      | Reached skill level 5 in Stealth
   894 | D:2      | Reached skill level 5 in Hexes
  1139 | D:2      | Reached XP level 3. HP: 24/24 MP: 6/6
  1520 | D:2      | Reached XP level 4. HP: 21/30 MP: 7/7
  1625 | D:2      | Reached skill level 6 in Stealth
  1690 | D:2      | Learned a level 3 spell: Confuse
  1790 | D:3      | Found a stormy altar of Qazlal.
  2135 | D:3      | Noticed Ijyb
  2137 | D:3      | Killed Ijyb
  2137 | D:3      | Reached XP level 5. HP: 26/36 MP: 9/9
  2408 | D:3      | Reached skill level 7 in Stealth
  2590 | D:4      | Noticed an ogre
  2608 | D:4      | Slain by an ogre

Action                   |  1- 3 |  4- 6 || total
-------------------------+-------+-------++-------
Melee: Dagger            |    95 |    93 ||   188
       Short sword       |     7 |       ||     7
 Cast: Ensorcelled Hiber |     3 |     6 ||     9
       Confuse           |       |     6 ||     6
 Abil: End Transformatio |       |     1 ||     1
       Bat Form          |       |     1 ||     1
 Stab: Sleeping          |     6 |    11 ||    17
       Distracted        |     1 |     3 ||     4
       Confused          |       |     1 ||     1
  Eat: Corpse            |     3 |     5 ||     8
